 Dungeon Crawl Stone Soup version 0.24.0-123-gd5b16e6ec5 (webtiles) character file.

Game seed: 1315121513078882955, levelgen mode: deterministic

44272 Chiseanne the Destroyer (level 13, -13/79 HPs)
             Began as a Demonspawn Wizard on Jan 20, 2020.
             Was the Champion of Vehumet.
             Mangled by a death yak (20 damage)
             ... on level 6 of the Lair of Beasts on Jan 21, 2020.
             The game lasted 01:24:48 (27061 turns).

Chiseanne the Destroyer (Demonspawn Wizard)        Turns: 27061, Time: 01:24:49

Health: -13/79     AC: 21    Str:  8    XL:     13   Next: 95%
Magic:  15/30      EV: 12    Int: 26    God:    Vehumet [******]
Gold:   917        SH:  0    Dex: 16    Spells: 6/38 levels left

rFire    . . .     SeeInvis .   a - +6 halberd
rCold    + . .     Gourm    .   (shield currently unavailable)
rNeg     . . .     Faith    +   Y - +4 troll leather armour
rPois    +         Spirit   .   S - +2 helmet {Int+3}
rElec    .         Reflect  .   Q - +2 cloak {+Inv}
rCorr    .         Harm     .   I - +2 pair of gloves {Dex+3}
MR       .....                  (boots unavailable)
Stlth    +.........             y - amulet of faith
HPRegen  0.63/turn              X - ring of poison resistance
MPRegen  0.22/turn              p - ring of protection from cold

@: sleeping
A: hooves 3, icy blue scales 2, sense surroundings 1, screaming 1, rot immunity
a: Renounce Religion, Evoke Invisibility


You were on level 6 of the Lair of Beasts.
You worshipped Vehumet.
Vehumet was exalted by your worship.
You were not hungry.

You visited 3 branches of the dungeon, and saw 20 of its levels.

You collected 2144 gold pieces.
You spent 1227 gold pieces at shops.

Inventory:

Hand Weapons
 a - a +6 halberd (weapon)
 s - a +2 trident of venom
 w - a +0 hunting sling
 Z - a +0 dagger of electrocution
Missiles
 l - 82 poisoned darts (quivered)
 N - 9 throwing nets
 R - 3 curare-tipped darts
Armour
 I - a +2 pair of gloves of dexterity (worn)
 K - a +0 leather armour of positive energy
 Q - a +2 cloak of invisibility (worn)
 S - a +2 helmet of intelligence (worn)
 Y - a +4 troll leather armour (worn)
Magical Staves
 i - an uncursed staff of power
Jewellery
 p - a ring of protection from cold (right hand)
 r - an uncursed ring of positive energy
 t - a cursed +3 ring of strength {unknown}
 x - an uncursed amulet of regeneration
 y - an amulet of faith (around neck)
 z - an uncursed ring of flight
 C - a +2 amulet of reflection
 G - an uncursed ring of protection from magic
 X - a ring of poison resistance (left hand)
Wands
 k - a wand of enslavement (6)
 n - a wand of paralysis (10)
 u - a wand of flame (59)
 L - a wand of disintegration (8)
 O - a wand of acid (4)
 P - a wand of digging (3)
Scrolls
 g - a scroll of immolation
 j - 6 scrolls of magic mapping
 m - 10 scrolls of teleportation
 q - 6 scrolls of remove curse
 D - 4 scrolls of fog
 F - a scroll of enchant armour
 M - 5 scrolls of identify
 W - a scroll of blinking
Potions
 b - 8 potions of curing
 c - 7 potions of heal wounds
 e - a potion of cancellation
 h - 8 potions of flight
 o - 4 potions of ambrosia
 v - 4 potions of haste
 A - 2 potions of mutation
 E - 4 potions of berserk rage
 H - 3 potions of brilliance
 J - 2 potions of might
 T - a potion of magic
 U - 2 potions of invisibility
Miscellaneous
 B - a lightning rod (4/4)
 V - a phial of floods (inert)
Comestibles
 d - 26 rations
 f - 4 chunks of flesh


   Skills:
 - Level 6.0 Armour
 - Level 1.7 Dodging
 - Level 1.7 Stealth
 * Level 13.1 Spellcasting
 * Level 13.5 Conjurations
 - Level 10.0 Summonings
 - Level 0.8 Translocations
 - Level 8.4 Evocations


You had 6 spell levels left.
You knew the following spells:

 Your Spells              Type           Power        Failure   Level  Hunger
a - Stone Arrow           Conj/Erth      ######       1%          3    None
b - Spellforged Servitor  Conj/Summ      ######....   9%          7    ######.
c - Conjure Flame         Conj/Fire      ######..     1%          3    None
d - Mephitic Cloud        Conj/Pois/Air  #####...     1%          3    None
e - Ignite Poison         Fire/Tmut/Pois ###.....     4%          3    None
f - Blink                 Tloc           N/A          4%          2    None
g - Orb of Destruction    Conj           ######....   4%          7    ######.
h - Sticky Flame          Conj/Fire      ######..     1%          4    None

Your spell library contained the following spells:

 Spells                   Type           Power        Failure   Level  Hunger
 Poison Arrow             Conj/Pois      ######....   12%         6    #####..
 Magic Dart               Conj           ####         0%          1    None
 Sandblast                Erth           ###...       1%          1    None
 Summon Butterflies       Summ           ######..     1%          1    None
 Call Imp                 Summ           ######..     1%          2    None
 Call Canine Familiar     Summ           ######..     1%          3    None
 Recall                   Summ/Tloc      N/A          1%          3    None
 Aura of Abjuration       Summ           ######....   1%          5    ##.....
 Summon Demon             Summ           ######....   1%          5    ##.....
 Irradiate                Conj/Tmut      ######....   2%          5    ##.....
 Iskenderun's Battlesphe  Conj/Chrm      ######..     2%          5    ##.....
 Venom Bolt               Conj/Pois      ######....   2%          5    ##.....
 Animate Skeleton         Necr           N/A          4%          1    None
 Corona                   Hex            ###....      4%          1    None
 Pain                     Necr           ###.         4%          1    None
 Inner Flame              Hex/Fire       ###.....     4%          3    None
 Bolt of Magma            Conj/Fire/Erth #####.....   5%          5    ##.....
 Summon Ice Beast         Ice/Summ       #####...     6%          4    None
 Passwall                 Tmut/Erth      ###.....     7%          2    None
 Slow                     Hex            ###.....     7%          2    None
 Sublimation of Blood     Necr           ###.......   7%          2    None
 Portal Projectile        Hex/Tloc       ###...       12%         3    None
 Iron Shot                Conj/Erth      ######....   12%         6    #####..
 Shadow Creatures         Summ           N/A          12%         6    #####..
 Regeneration             Chrm/Necr      ###.......   14%         3    None
 Vampiric Draining        Necr           ###.......   14%         3    None
 Summon Forest            Summ/Tloc      #####.....   14%         5    ##.....
 Summon Mana Viper        Hex/Summ       #####...     16%         5    ##.....
 Lee's Rapid Deconstruct  Erth           ###.......   30%         5    ##.....
 Animate Dead             Necr           N/A          41%         4    None
 Cause Fear               Hex            ###.......   41%         4    None
 Leda's Liquefaction      Hex/Erth       ###.......   41%         4    None
 Petrify                  Tmut/Erth      ###.....     41%         4    None
 Alistair's Intoxication  Tmut/Pois      ###.....     77%         5    ##.....
 Summon Hydra             Summ           ######....   54%         7    ######.


Dungeon Overview and Level Annotations

Branches:
Dungeon (12/15)            Temple (0/1) D:6            Lair (6/6) D:11
  Swamp (0/4) Lair:2        Snake (0/4) Lair:3        Slime (0/5) Lair:5
    Orc (2/2) D:9             Elf (0/3) Orc:2

Altars:
Cheibriados
Elyvilon
Kikubaaqudgha
Makhleb
Okawaru
Qazlal
Ru
Trog
Uskayaw
Vehumet
Xom
Yredelemnul
The Shining One

Shops:
D:7 [   D:12 !   Orc:1 *   Orc:2 [:[!

Annotations:
Lair:2 3 runed translucent doors, Winsalot's ghost, journeyman NaWr
Lair:3 2 transporters, Tartanist's ghost, journeyman TrBe
Orc:2 exclusion: 2 upstairs


Innate Abilities, Weirdness & Mutations

You have hooves in place of feet.
You are mostly covered in icy blue scales. (AC +3)
You are immune to rotting.
You passively map a small area around you.
You occasionally shout uncontrollably at your foes.


Message History

The yak appears confused.
The yak gores the yak!
The death yak seems less confused.
The water moccasin closely misses you. The spiny frog barely misses you.
The yak gores the spiny frog!
The yak gores itself.
The wavering orb of destruction hits the death yak!!!
The death yak is blown up!
Vehumet accepts your kill.
The dream sheep bites your spellforged servitor but does no damage.
Your spellforged servitor gestures at the dream sheep while chanting.
The stone arrow hits the dream sheep!!
The dream sheep dies!
Vehumet accepts your kill.
The spiny frog stings the plant!
The plant is destroyed!
The water moccasin misses you.
The yak is engulfed in noxious fumes.
The yak appears confused.
The yak gores the spiny frog!
The spiny frog stings you but does no damage.
The dream sheep seems less confused.
The yak seems less confused.
The death yak gores you!!
You die...

, , , , , , , ,,
* * , . , , ...
* .... ,
###########....
*
##...#.P%#......
,
.......%.....%..
≈
....Y.YY@.......
≈ ≈ , ,
..Y..Y○FSY......
, ,
....†8.FF.#P#..#
, .....t†Y.##*#
*. .......YY#* *
, , .......Y..#
*, .....Y......
, , ,
............. ,
,
.............Y.


You could see 4 death yaks, 5 yaks, 3 spiny frogs, a water moccasin, a
crocodile, 2 dream sheep and a friendly spellforged servitor.

Vanquished Creatures
  Harold (D:7)
  Erolcha (D:9)
  2 hydras
  A two-headed ogre (Orc:2)
  3 orc high priests (Orc:2)
  A black mamba (Lair:3)
  An unseen horror (D:8)
  A phantasmal warrior (D:11)
  5 orc knights (Orc:2)
  7 orc sorcerers
  2 cyclopes (D:11)
  An ugly thing (D:12)
  Maurice (D:8)
  Joseph (D:7)
  3 spiny frogs
  2 rime drakes
  2 komodo dragons
  A hornet (Lair:3)
  3 trolls
  A dream sheep (Lair:6)
  A slime creature (Lair:5)
  4 blink frogs
  9 hippogriffs
  2 wyverns
  2 wraiths (D:12)
  A fire elemental (Lair:3)
  A vampire (D:11)
  24 yaks
  6 hungry ghosts
  A basilisk (Lair:5)
  3 wargs
  A soldier ant (Lair:3)
  12 porcupines
  9 water moccasins
  4 ice beasts
  22 orc warriors
  4 sky beasts
  4 necrophages
  8 ogres
  3 black bears
  5 phantoms
  7 wolves
  3 centaurs
  6 crocodiles
  A big kobold (D:8)
  A wyvern zombie (D:12)
  13 bullfrogs
  5 scorpions
  A troll zombie (D:9)
  6 killer bees
  3 wights (D:7)
  4 howler monkeys
  A lava snake (Lair:3)
  A bullfrog zombie (D:12)
  2 crimson imps
  3 jellies
  A centaur zombie (D:12)
  14 orc priests
  A gnoll shaman (Orc:1)
  3 bullfrog skeletons
  5 centaur skeletons
  3 hounds
  2 iguanas
  Ijyb (D:3)
  25 orc wizards
  9 worker ants
  7 ogre zombies (D:9)
  2 hound skeletons (D:6)
  A worker ant zombie (D:6)
  17 gnolls
  17 adders
  2 shadow imps (D:5)
  An ooze (D:4)
  5 adder skeletons
  5 worms
  A dart slug (D:1)
  4 leopard geckos
  67 orcs
  4 giant cockroaches
  2 gnoll zombies (D:3)
  6 goblins
  2 hobgoblins
  A jackal (D:2)
  4 quokkas
  3 ball pythons
  7 bats
  5 frilled lizards
  A giant cockroach zombie (D:5)
  4 goblin zombies (D:9)
  2 hobgoblin skeletons (D:9)
  2 hobgoblin zombies (D:9)
  7 kobolds
  A leopard gecko skeleton (D:5)
  4 orc skeletons (D:9)
  13 orc zombies (D:9)
  A quokka skeleton (D:8)
  6 rats
  2 fire vortices (Lair:3)
  5 fungi (D:11)
  6 plants (D:11)
504 creatures vanquished.

Vanquished Creatures (collateral kills)
  6 hydras
  A death yak (Lair:6)
  A queen ant (Lair:3)
  2 spiny frogs
  6 komodo dragons
  A rime drake (Lair:5)
  4 blink frogs
  A dream sheep (Lair:6)
  6 hippogriffs
  12 yaks
  4 wyverns
  7 basilisks
  3 soldier ants (Lair:3)
  3 nagas (Lair:3)
  A water moccasin (Lair:3)
  A hell hound (Lair:5)
  2 porcupines
  A black bear (Lair:4)
  7 wolves
  5 crocodiles
  2 bullfrogs
  A jelly (Lair:5)
  3 worker ants (Lair:3)
  2 fungi (Lair:4)
82 creatures vanquished.

Vanquished Creatures (others)
  A hippogriff (Lair:5)
  A worm (D:2)
  A dart slug (D:2)
  An orc (Orc:2)
  A jackal (D:2)
  A ball python (D:2)
  A rat (D:2)
  16 fungi
  7 plants
30 creatures vanquished.

Grand Total: 616 creatures vanquished

Notes
Turn   | Place    | Note
-------+----------+-------------------------------------------
     0 | D:1      | Chiseanne the Demonspawn Wizard began the quest for the
                  | Orb.
     0 | D:1      | Reached XP level 1. HP: 13/13 MP: 4/4
   205 | D:1      | Gained mutation: You are partially covered in icy blue
                  | scales. (AC +2) [demonic ancestry]
   205 | D:1      | Reached XP level 2. HP: 14/19 MP: 0/6
  1229 | D:2      | Gained mutation: You are mostly covered in icy blue scales.
                  | (AC +3) [demonic ancestry]
  1229 | D:2      | Reached XP level 3. HP: 10/24 MP: 0/8
  1442 | D:2      | Noticed a necrophage
  1536 | D:2      | Learned a level 2 spell: Blink
  1540 | D:2      | Learned a level 3 spell: Conjure Flame
  1544 | D:2      | Learned a level 3 spell: Mephitic Cloud
  1551 | D:2      | Found a stormy altar of Qazlal.
  1726 | D:2      | Killed a necrophage
  1726 | D:2      | Gained mutation: You are immune to rotting. [demonic
                  | ancestry]
  1726 | D:2      | Reached XP level 4. HP: 16/30 MP: 2/10
  1726 | D:2      | Gained mutation: You have large cloven feet. [demonic
                  | ancestry]
  1726 | D:2      | Reached XP level 5. HP: 19/35 MP: 2/11
  1868 | D:2      | Found a radiant altar of Vehumet.
  1965 | D:2      | Became a worshipper of Vehumet
  2378 | D:3      | Noticed Ijyb
  2408 | D:3      | Killed Ijyb
  2556 | D:3      | You fall into a shaft and drop 1 floor!
  2587 | D:4      | Found a shimmering altar of Xom.
  2719 | D:4      | Noticed an ogre
  2724 | D:4      | Killed an ogre
  2724 | D:4      | Reached skill level 5 in Spellcasting
  2724 | D:4      | Reached XP level 6. HP: 41/41 MP: 6/13
  3582 | D:3      | Reached * piety under Vehumet
  3582 | D:3      | Offered knowledge of Freeze by Vehumet.
  3841 | D:3      | Found a basalt altar of Yredelemnul.
  4134 | D:4      | Reached skill level 5 in Conjurations
  4650 | D:4      | Reached XP level 7. HP: 46/46 MP: 8/15
  4782 | D:4      | Found a bloodstained altar of Trog.
  4783 | D:4      | Found a white marble altar of Elyvilon.
  4801 | D:4      | Found a hide-covered altar of Uskayaw.
  4967 | D:5      | Entered Level 5 of the Dungeon
  5596 | D:5      | Reached XP level 8. HP: 52/52 MP: 4/18
  6371 | D:6      | Reached ** piety under Vehumet
  6372 | D:6      | Offered knowledge of Throw Frost by Vehumet.
  6855 | D:6      | Found a burning altar of Makhleb.
  7035 | D:6      | Found an iron altar of Okawaru.
  7081 | D:6      | Found a staircase to the Ecumenical Temple.
  7268 | D:6      | Found an ancient bone altar of Kikubaaqudgha.
  7269 | D:6      | Found a sacrificial altar of Ru.
  7335 | D:6      | Found a glowing golden altar of the Shining One.
  7636 | D:7      | Offered knowledge of Ignite Poison by Vehumet.
  7726 | D:7      | Noticed Joseph
  7746 | D:7      | Killed Joseph
  7746 | D:7      | Gained mutation: You have hoof-like feet. [demonic
                  | ancestry]
  7746 | D:7      | Reached XP level 9. HP: 46/57 MP: 9/21
  8051 | D:7      | Found Mapnopn's Armour Shoppe.
  8054 | D:7      | Bought a +1 pair of gloves of dexterity for 198 gold pieces
  8426 | D:7      | Reached *** piety under Vehumet
  8629 | D:7      | Noticed Harold
  8656 | D:7      | Killed Harold
  9228 | D:7      | Reached skill level 10 in Conjurations
  9719 | D:8      | Learned a level 3 spell: Ignite Poison
  9723 | D:8      | Learned a level 3 spell: Stone Arrow
  9754 | D:8      | Offered knowledge of Sticky Flame by Vehumet.
  9769 | D:8      | Learned a level 4 spell: Sticky Flame
 10041 | D:8      | Noticed an unseen horror
 10045 | D:8      | Killed an unseen horror
 10045 | D:8      | Reached skill level 10 in Spellcasting
 10045 | D:8      | Gained mutation: You have hooves in place of feet. [demonic
                  | ancestry]
 10045 | D:8      | Reached XP level 10. HP: 31/63 MP: 7/24
 10974 | D:8      | Noticed Maurice
 10980 | D:8      | Killed Maurice
 11219 | D:9      | Reached **** piety under Vehumet
 11222 | D:9      | Reached skill level 1 in Evocations
 11224 | D:9      | Offered knowledge of Dazzling Spray by Vehumet.
 12273 | D:9      | Found a staircase to the Orcish Mines.
 12287 | D:9      | Reached ***** piety under Vehumet
 12459 | D:9      | Offered knowledge of Yara's Violent Unravelling by Vehumet.
 12561 | D:9      | Found a snail-covered altar of Cheibriados.
 12629 | D:9      | Noticed Erolcha
 12636 | D:9      | Killed Erolcha
 13291 | D:9      | Reached XP level 11. HP: 68/68 MP: 18/26
 13466 | D:10     | Entered Level 10 of the Dungeon
 14039 | D:10     | Reached skill level 5 in Evocations
 14531 | D:10     | Reached skill level 1 in Armour
 15101 | D:11     | Offered knowledge of Orb of Destruction by Vehumet.
 15367 | D:11     | Found a staircase to the Lair.
 15854 | D:12     | Noticed a green ugly thing
 15859 | D:12     | Killed a green ugly thing
 16053 | D:12     | Learned a level 7 spell: Orb of Destruction
 16061 | D:12     | Learned a level 7 spell: Spellforged Servitor
 16201 | D:12     | Noticed a phantasmal warrior
 16512 | D:12     | Noticed a four-headed hydra
 16936 | D:12     | Noticed a death knight
 16946 | D:11     | Killed a phantasmal warrior
 17069 | D:12     | Noticed a skeletal warrior
 17179 | D:12     | Found Watisip's Distillery.
 17182 | D:12     | Bought a potion of heal wounds for 80 gold pieces
 17182 | D:12     | Bought 2 potions of degeneration for 32 gold pieces
 17182 | D:12     | Bought 2 potions of heal wounds for 160 gold pieces
 17182 | D:12     | Bought 2 potions of curing for 96 gold pieces
 17182 | D:12     | Bought a potion of berserk rage for 80 gold pieces
 17182 | D:12     | Bought a potion of berserk rage for 80 gold pieces
 17182 | D:12     | Bought a potion of flight for 48 gold pieces
 17275 | Orc:1    | Entered Level 1 of the Orcish Mines
 17275 | Orc:1    | Noticed an orc sorcerer
 17280 | Orc:1    | Killed an orc sorcerer
 17308 | D:9      | Reached XP level 12. HP: 44/74 MP: 4/27
 17744 | Orc:2    | Entered Level 2 of the Orcish Mines
 18487 | Orc:2    | Offered knowledge of Lightning Bolt by Vehumet.
 18829 | Orc:2    | Gained mutation: You passively map a small area around you.
                  | [a neqoxec]
 18843 | Orc:2    | Paralysed by an orc sorcerer for 4 turns
 19039 | Orc:2    | Noticed an orc high priest
 19040 | Orc:2    | Noticed an orc high priest
 19175 | Orc:2    | Killed an orc high priest
 19178 | Orc:2    | Reached skill level 5 in Armour
 19181 | Orc:2    | Gained mutation: You occasionally shout uncontrollably at
                  | your foes. [a neqoxec]
 19251 | Orc:2    | Killed an orc high priest
 19576 | Orc:2    | Found a staircase to the Elven Halls.
 19600 | Orc:2    | Found Tenales's Antique Armour Shop.
 19600 | Orc:2    | Found Jadoosapro's Armour Shop.
 19600 | Orc:2    | Found Duri's Book Shoppe.
 19600 | Orc:2    | Found Iraux's Distillery.
 19600 | Orc:2    | Noticed an orc high priest
 19606 | Orc:2    | Bought a runed helmet for 240 gold pieces
 20001 | Orc:2    | Noticed a two-headed ogre
 20018 | Orc:2    | Killed a two-headed ogre
 20604 | Orc:2    | Killed an orc high priest
 21123 | Orc:1    | Found Eloigg's Assorted Antiques.
 21127 | Orc:1    | Bought a smoky golden potion for 24 gold pieces
 21127 | Orc:1    | Bought a potion of curing for 81 gold pieces
 21127 | Orc:1    | Bought a copper wand for 108 gold pieces
 21477 | Lair:1   | Entered Level 1 of the Lair of Beasts
 21701 | Lair:1   | Noticed a four-headed hydra
 21706 | Lair:1   | Killed a four-headed hydra
 22595 | Lair:2   | Noticed Winsalot's ghost (journeyman NaWr)
 22599 | Lair:2   | Noticed a minotaur
 22759 | Lair:2   | Reached XP level 13. HP: 79/79 MP: 10/29
 22775 | Lair:2   | Found a staircase to the Swamp.
 23209 | Lair:2   | Offered knowledge of Fireball by Vehumet.
 23305 | Lair:2   | Found a runed translucent gate.
 23305 | Lair:2   | Found a runed translucent gate.
 23306 | Lair:2   | Found a runed translucent gate.
 23442 | Lair:2   | Reached skill level 5 in Summonings
 24344 | Lair:3   | Found a staircase to the Snake Pit.
 24689 | Lair:3   | Identified the cursed +2 spear "Ytighan" {chaos, rPois
                  | Dex+7 SInv}
 24689 | Lair:3   | Noticed Tartanist's ghost (journeyman TrBe)
 24696 | Lair:3   | Found a transporter.
 24697 | Lair:3   | Found a bloodstained altar of Trog.
 24697 | Lair:3   | Identified the +6 spear of the Crushed Spirits {vamp, rC++}
 24704 | Lair:3   | Found a transporter.
 25979 | Lair:5   | Found a staircase to the Slime Pits.
 25999 | Lair:5   | Reached ****** piety under Vehumet
 26175 | Lair:5   | Offered knowledge of Poison Arrow by Vehumet.
 26424 | Lair:5   | Reached skill level 10 in Summonings
 27043 | Lair:6   | Entered Level 6 of the Lair of Beasts
 27061 | Lair:6   | Mangled by a death yak

Levels and vault maps discovered:
D:1:      mrwooster_arrival_statue, layout_basic, minmay_misc_feat_plants
D:2:      layout_rooms, overflow_temple_1_default, fiery_altar_vehumet
D:3:      layout_basic, lemuel_zombie_altar_yredelemnul, uniq_ijyb
D:4:      layout_loops_corners, overflow_temple_1_default, lemuel_doored_altar,
          nicolae_overflow_hidden_temple
D:5:      wander_river, layout_basic, first_ration, st_stairs_13
D:6:      layout_loops_ring, makhleb_blood_cavern_becter, kennysheep_little_box,
          grunt_temple_overflow_open, minmay_temple_entry_butterflies
D:7:      layout_basic, serial_shops, kennysheep_mini_moat, uniq_harold,
          uniq_joseph
D:8:      layout_basic, serial_glass, glass_columns_c, glass_columns_c,
          glass_columns_a, glass_columns_b, glass_columns_b, glass_columns_a,
          uniq_maurice
D:9:      layout_loops_ring, cheibriados_altar_1, zombieorc2_lemuel,
          lightli_fourway_metalbox, uniq_erolcha
D:10:     layout_loops_ring, grunt_ogre_cave, minmay_fractal_squares_gapless_5
D:11:     layout_roguey, due_lair_maze_entry_diamond
D:12:     layout_long_grid, serial_shops, kennysheep_mini
Lair:1:   layout_loops_ring, minivault_11, nicolae_lair_grove_arrangements
Lair:2:   layout_concentric_octagons, swamp_mist, maelrawn_ghost_gauntlet_escape
Lair:3:   layout_chaotic_city, minmay_snake_entry_guardpost_small,
          gammafunk_ghost_wrathful_warriors, columned_hall_lemuel,
          wad_woods_antlair, lemuel_fruit_fields
Lair:4:   layout_cave_shapes
Lair:5:   layout_gridlike, minmay_slime_entry_pillars, special_room
          [special_room_mythical_zoo]
Lair:6:   guppyfry_lair_end_dragon, layout_long_grid, wormcave,
          chequers_serial_rivers_micro_d
Orc:1:    layout_caves, serial_shops, shop
Orc:2:    grunt_orc_tribal_feast, layout_diamond_mine, enter_volcano_1

Skill      XL: |  1  2  3  4  5  6  7  8  9 10 11 12 13 |
---------------+----------------------------------------+-----
Conjurations   | 2 3 4 5 6 8 10 11 12 13 | 13.5
Spellcasting   | 4 5 6 8 10 11 12 13 | 13.1
Evocations     | 3 6 8 |  8.4
Armour         | 3 6 |  6.0
Summonings     | 2 10 | 10.0
Dodging        | |  1.7
Stealth        | |  1.7
Translocations | |  0.8

Action                   |  1- 3 |  4- 6 |  7- 9 | 10-12 | 13-15 || total
-------------------------+-------+-------+-------+-------+-------++-------
Melee: Whip              |    23 |    24 |    28 |       |       ||    75
       Kick              |       |     4 |     7 |    53 |    16 ||    80
       Halberd           |       |       |     4 |   147 |    55 ||   206
       Staff             |       |       |       |    22 |       ||    22
       Trident           |       |       |       |     5 |       ||     5
Throw: Dart              |       |     3 |     9 |    40 |     2 ||    54
 Cast: Magic Dart        |    66 |   122 |   305 |       |       ||   493
       Mephitic Cloud    |       |     4 |    15 |   136 |    19 ||   174
       Conjure Flame     |       |     2 |    14 |     7 |       ||    23
       Blink             |       |     1 |     5 |    15 |     1 ||    22
       Ignite Poison     |       |       |     4 |    89 |     7 ||   100
       Sticky Flame      |       |       |     1 |       |     1 ||     2
       Stone Arrow       |       |       |       |   379 |   119 ||   498
       Spellforged Servi |       |       |       |       |    25 ||    25
 Abil: Evoke Invisibilit |       |       |       |     1 |       ||     1
Evoke: Wand              |       |       |     7 |    12 |     3 ||    22
       Phial of floods   |       |       |       |       |     1 ||     1
  Use: Scroll            |     6 |     4 |     6 |    17 |     5 ||    38
       Potion            |       |     1 |       |       |     2 ||     3
 Stab: Confused          |       |     1 |     2 |     4 |     3 ||    10
       Sleeping          |       |       |       |     1 |       ||     1
  Eat: Chunk             |     2 |     6 |    14 |    35 |    25 ||    82
       Ration            |       |     1 |     2 |     3 |       ||     6
Armor: Robe              |    11 |    20 |    48 |    42 |       ||   121
       Troll leather arm |       |       |       |    76 |   113 ||   189
Dodge: Dodged            |    21 |    26 |    60 |   169 |   121 ||   397
